 Dungeon Crawl Stone Soup version 0.23.1 (webtiles) character file.

Game seed: 17709342785719393217

80 Chiseanne the Skirmisher (level 4, 0/37 HPs)
             Began as a Centaur Warper on Mar 15, 2019.
             Succumbed to an adder's poison
             ... on level 3 of the Dungeon.
             The game lasted 00:03:04 (1711 turns).

Chiseanne the Skirmisher (Centaur Warper)           Turns: 1711, Time: 00:03:05

Health: 0/37       AC:  5    Str: 13    XL:     4   Next: 18%
Magic:  7/7        EV:  9    Int: 12    God:
Gold:   83         SH:  0    Dex: 10    Spells: 7/7 levels left

rFire    . . .     SeeInvis .   a - +0 falchion
rCold    . . .     Gourm    .   (no shield)
rNeg     . . .     Faith    .   b - +1 leather armour
rPois    .         Spirit   .   (no helmet)
rElec    .         Reflect  .   (no cloak)
rCorr    .         Harm     .   (no gloves)
MR       +....                  (no barding)
Stlth    ..........             (no amulet)
HPRegen  0.12/turn              x - ring of protection from magic
MPRegen  0.10/turn              r - ring of attention (curse)

@: lethally poisoned (0 -> -1), berserk cooldown, very quick
A: large, hooves 3, deformed body, speed 2, tough skin 3
a: no special abilities


You were on level 3 of the Dungeon.
You were not hungry.

You visited 1 branch of the dungeon, and saw 3 of its levels.

You collected 83 gold pieces.

Inventory:

Hand Weapons
 a - a +0 falchion (weapon)
 j - a +0 dagger of electrocution
Missiles
 e - 5 tomahawks of dispersal (quivered)
 p - 18 arrows
 u - 59 stones
Armour
 b - a +1 leather armour (worn)
Jewellery
 c - an uncursed ring of protection from cold
 r - a cursed ring of attention (right hand)
 x - a ring of protection from magic (left hand)
Wands
 t - a wand of scattershot (6)
Scrolls
 d - a scroll of blinking
 i - 2 scrolls of enchant armour
 w - 3 scrolls of teleportation
Potions
 n - a potion of curing {unknown}
 o - a potion of heal wounds {unknown}
 q - a potion of might {unknown}
 s - a potion of degeneration {unknown}
Comestibles
 f - 5 rations
 h - 5 chunks of flesh


   Skills:
 * Level 2.7 Fighting
 - Level 1.7 Long Blades
 - Level 1.1 Throwing
 * Level 1.5 Armour
 * Level 2.1 Dodging
 * Level 2.1 Spellcasting
   Level 2.6 Translocations


You had 7 spell levels left.
You didn't know any spells.
Your spell library contained the following spells:

 Spells                   Type           Power        Failure   Level  Hunger
 Blink                    Tloc           N/A          17%         2    ###....
 Shroud of Golubria       Chrm/Tloc      #.........   30%         2    ###....
 Gell's Gravitas          Tloc           #.........   34%         3    ####...
 Lesser Beckoning         Tloc           #.........   34%         3    ####...
 Teleport Other           Tloc           #.......     34%         3    ####...
 Passage of Golubria      Tloc           N/A          75%         4    #####..


Dungeon Overview and Level Annotations

Branches:
Dungeon (3/15)

Altars:


Innate Abilities, Weirdness & Mutations

You have hooves in place of feet.
Armour fits poorly on your strangely shaped body.
You cover ground very quickly.
You have extremely tough skin. (AC +3)


Message History

You slash the adder!
You kill the adder!
You see here an adder corpse.
You butcher the adder corpse.
You feel a strong urge to attack something.
* * * LOW HITPOINT WARNING * * *
You feel sick.
h - 6 chunks of flesh (gained 2)
You see here an adder skeleton.
Eating one of 6 chunks of flesh.
You eat one of the 6 chunks of flesh.
This raw flesh tastes terrible.
You are no longer berserk.
You are exhausted.
You feel yourself slow down.
It was a potion of cancellation.
Your magical effects are unravelling.
You feel magically purged.
You feel yourself speed up.
It was a potion of magic.
Magic courses through your body.
You die...

#.#.###### ######.###
#.#.# ####### ###.##
#.#.# #.....###......
#.#.# #.....##..##...#
#.#.# #........# #.#.#
.<#.# #.....##†###...#
>...###.....#.....###.
#....).....##.).#÷#
...........##...@÷#
....#.#....##..###†.#
#.[.<..........# .#.#
##.##.#..####..# .. .#
#.##.#..# ##.. ##. .#
##.......#####.. #. .#
............... .. #
...##.####### .#
#####.#


There were no monsters in sight!

Vanquished Creatures
  4 adders
  An ooze (D:1)
  5 leopard geckos
  A giant cockroach (D:1)
  8 goblins
  4 hobgoblins
  5 bats
  4 frilled lizards
  2 kobolds
  2 rats (D:1)
36 creatures vanquished.

Notes
Turn   | Place    | Note
-------+----------+-------------------------------------------
     0 | D:1      | Chiseanne the Centaur Warper began the quest for the Orb.
     0 | D:1      | Reached XP level 1. HP: 17/17 MP: 3/3
   255 | D:1      | Reached skill level 1 in Armour
   255 | D:1      | Reached XP level 2. HP: 16/24 MP: 4/4
  1046 | D:2      | Reached XP level 3. HP: 20/30 MP: 5/5
  1312 | D:2      | You fall through a shaft!
  1699 | D:3      | Reached XP level 4. HP: 8/37 MP: 7/7
  1703 | D:3      | HP: 2/55 [adder (3)]
  1711 | D:3      | Succumbed to an adder's poison

Skill      XL: |  1  2  3 |
---------------+----------+-----
Armour         | 1 |  1.5
Spellcasting   | 2 |  2.1
Dodging        | 2 |  2.1
Fighting       | |  2.7
Long Blades    | |  1.7
Throwing       | |  1.1
Translocations | |  2.6

Action                   |  1- 3 |  4- 6 || total
-------------------------+-------+-------++-------
Melee: Falchion          |   107 |     3 ||   110
       Kick              |    21 |       ||    21
  Use: Scroll            |     6 |       ||     6
       Potion            |       |     3 ||     3
  Eat: Chunk             |     1 |     1 ||     2
Armor: Leather armour    |    51 |     1 ||    52
Dodge: Dodged            |    69 |     5 ||    74
       Rpst.: Falchion   |    24 |     2 ||    26
